 Seeded DCSS version 0.30-b1-7-gcb88a99046 (webtiles) character file.

Game seed: 1973 (custom seed)

450 Kazon the Trooper (level 7, -6/72 HPs)
             Began as an Ogre Fighter on May 5, 2023.
             Mangled by a wyvern zombie (13 damage)
             ... in an ossuary.
             The game lasted 00:12:23 (3093 turns).

Kazon the Trooper (Ogre Fighter)                    Turns: 3093, Time: 00:12:24

Health: -6/72      AC:  3    Str: 21    XL:     7   Next: 4%
Magic:  8/9        EV: 10    Int: 15    God:
Gold:   102        SH:  0    Dex: 10    Spells: 6/9 levels left

rFire   . . .        a - +0 flail
rCold   . . .        (no shield)
rNeg    . . .        b - +0 robe
rPois   .            (helmet currently unavailable)
rElec   .            (no cloak)
rCorr   .            (gloves unavailable)
SInv    .            (boots unavailable)
Will    .....        (no amulet)
Stlth   +            s - +6 ring of intelligence
HPRegen 0.32/turn    (no ring)
MPRegen 0.11/turn

%: no passive effects
@: appendages (expiring)
A: horns 2, talons 2, large, unfitting armour, tough skin 1
a: End Transformation


You were in an ossuary.
You had temporarily grown beastly horns and talons.
You visited 1 branch of the dungeon, and saw 4 of its levels.
You also visited: Ossuary.

You collected 102 gold pieces.

Inventory:

Hand Weapons
 a - a +0 flail (weapon)
Missiles
 i - 19 stones
 k - 3 large rocks (quivered)
 m - 6 boomerangs
Armour
 b - a +0 robe (worn)
 c - a +0 kite shield
Jewellery
 s - a +6 ring of intelligence (left hand)
Scrolls
 g - 3 scrolls of teleportation {unknown}
 h - 5 scrolls of identify {unknown}
 l - a scroll of immolation {unknown}
 n - a scroll of amnesia {unknown}
 o - a scroll of poison {unknown}
 p - a scroll of blinking {unknown}
 r - a scroll of vulnerability {unknown}
 t - 2 scrolls of silence {unknown}
Potions
 d - a potion of might
 e - 2 potions of curing {unknown}
 f - a potion of mutation {unknown}
 j - 2 potions of magic {unknown}
 q - a potion of degeneration {unknown}
 u - a potion of lignification {unknown}
 v - a potion of attraction {unknown}
 w - a potion of heal wounds {unknown}


   Skills:
 + Level 5.4 Fighting
 + Level 3.9 Maces & Flails
 * Level 2.5 Throwing
 + Level 3.7 Dodging
 + Level 0.9 Stealth
 + Level 3.0 Shields
 + Level 1.7 Spellcasting
 + Level 1.2 Transmutations


You had 6 spell levels left.
You knew the following spells:

 Your Spells              Type           Power      Damage    Failure   Level
a - Beastly Appendage     Tmut           10%        N/A       14%         1
b - Wereblood             Tmut           5%         N/A       21%         2

Your spell library contained the following spells:

 Spells                   Type           Power      Damage    Failure   Level
 Cigotuvi's Dreadful Rot  Necr/Pois/Air  2%         N/A       34%         2
 Spider Form              Tmut/Pois      3%         N/A       47%         3
 Ignite Poison            Fire/Tmut/Pois 2%         N/A       50%         3
 Anguish                  Hex/Necr       0%         N/A       92%         4
 Cause Fear               Hex            0%         N/A       92%         4
 Freezing Cloud           Conj/Ice/Air   0%         6-21      99%         5
 Enfeeble                 Hex            0%         N/A       100%        7


Dungeon Overview and Level Annotations

Branches:
Dungeon (4/15)            Ossuary (1/1)
 Temple: D:4-7

Altars:


Innate Abilities, Weirdness & Mutations

You have temporarily grown beastly horns and talons.
You are too large for most types of armour.
You have tough skin. (AC +1)


Message History

Aim: a wyvern zombie (wandering, hasn't noticed you, 78% to hit)
You throw a stone. The stone hits the wyvern zombie.
The wyvern zombie is lightly damaged.
Unknown command.
Throw: 4 large rocks
Press: ? - help, Q - select action, (/) - cycle Shift-Dir - straight line, f/p - wyvern zombie
Aim: a wyvern zombie (lightly damaged, 78% to hit)
You throw a large rock.
The large rock hits the wyvern zombie but does no damage.
The wyvern zombie is lightly damaged.
You hear a splash.
The wyvern zombie attacks as you move away!
The wyvern zombie barely misses you.
Your horns disappear.
Your talons disappear.
You hit the wyvern zombie but do no damage.
The wyvern zombie is lightly damaged.
The wyvern zombie bites you!
Casting: Beastly Appendage (safe; 14% risk of failure)
Confirm with . or Enter, or press ? or * to list all spells.
You grow a pair of large bovine horns.
Your feet morph into talons.
The wyvern zombie bites you. x2
You sock the wyvern zombie! Your kick misses the wyvern zombie.
The wyvern zombie is moderately damaged.
The wyvern zombie bites you!
You hit the wyvern zombie. You claw the wyvern zombie!
You headbutt the wyvern zombie.
The wyvern zombie is severely damaged.
Your transformation is almost over.
The wyvern zombie bites you! x2
* * * LOW HITPOINT WARNING * * *
You barely miss the wyvern zombie.
The wyvern zombie is severely damaged.
The wyvern zombie bites you!
* * * LOW HITPOINT WARNING * * *
You hit the wyvern zombie but do no damage.
You claw the wyvern zombie.
You headbutt the wyvern zombie, but do no damage.
The wyvern zombie is severely damaged.
The wyvern zombie bites you!
You die...

#+# +..
#.#####
+~#...#
###~'.∩.#
##.~~#..∩#
#≈~~.#####
#~.~ZZ@#
≈≈≈≈###.###
≈≈# .'~# ≈
###~+ .(#
~Z# ...~
##+#


You could see a wyvern zombie and a hornet zombie.

Vanquished Creatures
  2 bullfrog zombies (Ossuary)
  A hound (D:4)
  12 mummies (Ossuary)
  2 killer bee zombies (Ossuary)
  3 adders
  2 dart slugs (D:1)
  7 orcs
  3 ball pythons
  3 bats
  3 endoplasms
  6 giant cockroaches
  7 hobgoblins
  6 jackals
  6 frilled lizards
  3 goblins
  2 kobolds (D:1)
  3 rats
71 creatures vanquished.

Vanquished Creatures (others)
  A goblin (D:4)
  6 withered plants (Ossuary)
7 creatures vanquished.

Grand Total: 78 creatures vanquished

Notes
Turn   | Place    | Note
-------+----------+-------------------------------------------
     0 | D:1      | Kazon the Ogre Fighter began the quest for the Orb.
     0 | D:1      | Reached XP level 1. HP: 24/24 MP: 1/1
   317 | D:1      | Reached XP level 2. HP: 33/33 MP: 2/2
   549 | D:1      | Reached XP level 3. HP: 36/40 MP: 3/3
  1018 | D:2      | Learned a level 1 spell: Beastly Appendage
  1290 | D:2      | Reached skill level 1 in Throwing
  1449 | D:2      | Reached XP level 4. HP: 49/49 MP: 2/4
  1939 | D:3      | Learned a level 2 spell: Wereblood
  2315 | D:2      | You fall into a shaft and drop 2 floors!
  2364 | D:4      | Reached skill level 1 in Spellcasting
  2407 | D:4      | Reached XP level 5. HP: 28/55 MP: 4/6
  2581 | D:4      | Found a sand-covered staircase.
  2585 | Ossuary  | Entered an ossuary
  2614 | Ossuary  | Reached skill level 5 in Fighting
  2624 | Ossuary  | Reached XP level 6. HP: 35/66 MP: 5/8
  2925 | Ossuary  | Reached skill level 1 in Transmutations
  3084 | Ossuary  | Reached XP level 7. HP: 68/72 MP: 9/9
  3093 | Ossuary  | Mangled by a wyvern zombie

Illustrated notes

Levels and vault maps discovered:
D:1:      co_arrival_random_square_maze, layout_loops_ring
D:2:      layout_basic
D:3:      layout_basic
D:4:      layout_basic, fiery_altar_vehumet, minmay_temple_entry_poolview,
          nicolae_ossuary_entry_false_entrances, uniq_edmund
Ossuary:  ossuary_zaba_flooded

Skill      XL: |  1  2  3  4  5  6 |
---------------+-------------------+-----
Maces & Flails | 2 3 |  3.9
Dodging        | 3 |  3.7
Throwing       | 1 2 |  2.5
Spellcasting   | 1 |  1.7
Fighting       | 5 |  5.4
Transmutations | 1 |  1.2
Stealth        | |  0.9
Shields        | |  3.0

Action                     |  1- 3 |  4- 6 |  7- 9 || total
---------------------------+-------+-------+-------++-------
  Melee: Flail             |   144 |   122 |     5 ||   271
         Kick              |       |    22 |     2 ||    24
         Headbutt          |       |    14 |     2 ||    16
  Throw: Stone             |    12 |    17 |     1 ||    30
         Large rock        |       |       |     1 ||     1
   Cast: Beastly Appendage |       |    10 |     1 ||    11
         Wereblood         |       |     1 |       ||     1
 Armour: Robe              |    51 |    18 |       ||    69
  Dodge: Dodged            |    74 |    66 |     1 ||   141
  Block: Kite shield       |    48 |       |       ||    48
